 Dungeon Crawl Stone Soup version 0.30-a0-457-g4b7bca3bfa (webtiles) character file.

Game seed: 5415889195771135761

1614 HoaS the Skirmisher (level 8, -3/44 HPs)
             Began as a Gargoyle Hunter on Dec 13, 2022.
             Slain by a two-headed ogre
             ... wielding a +0 giant club
              (18 damage)
             ... on level 7 of the Dungeon.
             The game lasted 00:12:20 (5164 turns).

HoaS the Skirmisher (Gargoyle Hunter)               Turns: 5164, Time: 00:12:20

Health: -3/44      AC: 20    Str: 16    XL:     8   Next: 96%
Magic:  8/8        EV: 11    Int: 12    God:
Gold:   267        SH:  0    Dex: 15    Spells: 7/7 levels left

rFire   . . .      SeeInvis +    a - +2 shortbow
rCold   . . .      Faith    .    (shield currently unavailable)
rNeg    + . .      Spirit   .    t - +0 acid dragon scales
rPois   ∞          Reflect  .    n - +0 helmet {Int+3}
rElec   +          Harm     .    r - +2 cloak
rCorr   +          Rampage  .    s - +0 pair of gloves
Will    .....                    (no boots)
Stlth   +.........               (no amulet)
HPRegen 0.27/turn                j - +4 ring of protection
MPRegen 0.11/turn                k - ring of see invisible

@: mighty
A: sickness immunity, AC +5, negative energy resistance 1, electricity
resistance, torment resistance 1, petrification resistance
a: no special abilities


You were on level 7 of the Dungeon.
You visited 1 branch of the dungeon, and saw 7 of its levels.

You collected 561 gold pieces.
You spent 294 gold pieces at shops.

Inventory:

Hand Weapons
 a - a +2 shortbow (weapon)
Armour
 n - a +0 helmet of intelligence (worn)
 r - a +2 cloak (worn)
 s - a +0 pair of gloves (worn)
 t - +0 acid dragon scales (worn)
Jewellery
 j - a +4 ring of protection (left hand)
 k - a ring of see invisible (right hand)
 o - a ring of ice
Wands
 i - a wand of mindburst (17)
 l - a wand of charming (7)
 q - a wand of roots (6)
Scrolls
 b - 2 scrolls of immolation
 m - 2 scrolls of poison
 p - a scroll of identify
 u - a scroll of blinking
Potions
 c - a potion of brilliance {unknown}
 e - 4 potions of curing
 f - a potion of haste
 g - a potion of might
 h - 2 potions of lignification
 v - a potion of attraction
 w - a potion of mutation {unknown}


   Skills:
 - Level 2.1 Fighting
 + Level 11.7 Ranged Weapons
 - Level 1.5 Dodging
 - Level 1.1 Stealth


You had 7 spell levels left.
You didn't know any spells.
Your spell library was empty.

Dungeon Overview and Level Annotations

Branches:
Dungeon (7/15)             Temple (0/1) D:6

Altars:
Qazlal
Ru
Sif Muna
Vehumet
Zin

Shops:
D:1 ![:=!   D:5 (=:(*?   D:7 *


Innate Abilities, Weirdness & Mutations

You are immune to sickness and miasma.
Your stone body is resilient. (AC +5)
You are immune to poison.
You resist negative energy. (rN+)
You are resistant to electric shocks. (rElec)
You are resistant to unholy torment.
You are immune to petrification.


Message History

You shoot an arrow.
The arrow hits the two-headed ogre but does no damage.
The two-headed ogre is lightly wounded.
The two-headed ogre hits you with a +0 giant club.
The two-headed ogre barely misses you.
The sky beast flickers out of sight for a moment.
The sky beast attacks as you move away! The sky beast closely misses you.
The two-headed ogre hits you with a +0 giant club!
The two-headed ogre hits you with a +0 giant spiked club.
The sky beast attacks as you move away!
The sky beast hits you but does no damage.
You shoot an arrow. The arrow hits the two-headed ogre.
The two-headed ogre is lightly wounded.
The two-headed ogre closely misses you.
The two-headed ogre hits you with a +0 giant spiked club.
You shoot an arrow. The arrow hits the two-headed ogre.
The two-headed ogre is lightly wounded.
You shoot an arrow. The arrow hits the two-headed ogre.
The two-headed ogre is moderately wounded.
The two-headed ogre closely misses you. x2
You shoot an arrow. The arrow hits the two-headed ogre.
The two-headed ogre is moderately wounded.
You shoot an arrow.
The arrow barely misses the two-headed ogre.
The arrow closely misses the sky beast.
The two-headed ogre hits you with a +0 giant club!
The two-headed ogre hits you with a +0 giant spiked club!
* * * LOW HITPOINT WARNING * * *
The sky beast flickers out of sight for a moment.
You feel much better.
The two-headed ogre completely misses you.
The two-headed ogre hits you with a +0 giant spiked club.
You shoot an arrow. The arrow hits the two-headed ogre.
The two-headed ogre is moderately wounded.
You shoot an arrow.
The arrow barely misses the two-headed ogre.
The arrow hits the sky beast!
The sky beast is heavily wounded.
The two-headed ogre hits you with a +0 giant club!!
You die...

#.###.#
#[#
#.....#
#.#
#.#####
#.# # #.#
#.#
#..###.#
#.#
#8.....#
#.####.#
#)# #@#
##<####O#
......"Y#
##8####.#
#.# #.#
#.. #.#
#..


You could see a two-headed ogre and a sky beast (invisible).

Vanquished Creatures
  An acid dragon (D:6)
  An ice beast (D:5)
  2 black bears (D:6)
  A sky beast (D:5)
  An ogre (D:5)
  A centaur (D:6)
  2 phantoms
  A bullfrog (D:6)
  A gnoll sergeant (D:6)
  A necrophage (D:6)
  2 howler monkeys
  5 hounds
  A jelly (D:6)
  An orc priest (D:6)
  2 iguanas
  3 orc wizards
  5 gnolls
  5 adders
  5 worms
  12 dart slugs
  14 orcs
  6 bats
  5 endoplasms
  5 giant cockroaches
  10 goblins
  6 hobgoblins
  7 jackals
  3 quokkas
  4 ball pythons
  7 frilled lizards
  6 kobolds
  6 rats
132 creatures vanquished.

Vanquished Creatures (others)
  A fungus (D:1)
  A plant (D:5)
  3 toadstools (D:1)
5 creatures vanquished.

Grand Total: 137 creatures vanquished

Notes
Turn   | Place    | Note
-------+----------+-------------------------------------------
     0 | D:1      | HoaS the Gargoyle Hunter began the quest for the Orb.
     0 | D:1      | Reached XP level 1. HP: 12/12 MP: 1/1
    25 | D:1      | Found a faded altar of an unknown god.
    98 | D:1      | Reached XP level 2. HP: 16/17 MP: 2/2
   312 | D:1      | Found Naetrod's Distillery.
   321 | D:1      | Bought a potion of heal wounds for 60 gold pieces
   321 | D:1      | Bought a potion of curing for 36 gold pieces
   354 | D:1      | Found Roprerapp's Book Shop.
   394 | D:1      | Found Roront's Jewellery Shoppe.
   453 | D:1      | Reached XP level 3. HP: 21/21 MP: 3/3
   465 | D:1      | Reached skill level 5 in Ranged Weapons
   666 | D:1      | Found Baruonwa's Antique Armour Shop.
   810 | D:1      | Found Baojisk's Distillery.
  1215 | D:2      | Reached XP level 4. HP: 26/26 MP: 4/4
  1898 | D:3      | You fall into a shaft and drop 1 floor!
  1978 | D:4      | Noticed a phantom
  1988 | D:4      | Killed a phantom
  1989 | D:4      | Reached skill level 6 in Ranged Weapons
  1989 | D:4      | Reached XP level 5. HP: 22/30 MP: 5/5
  2372 | D:3      | Found a glowing silver altar of Zin.
  2372 | D:3      | Found a stormy altar of Qazlal.
  2512 | D:4      | Reached skill level 7 in Ranged Weapons
  2543 | D:4      | Reached XP level 6. HP: 35/35 MP: 6/6
  2810 | D:5      | Entered Level 5 of the Dungeon
  2905 | D:5      | Found Huav's Book Emporium.
  3103 | D:5      | Found Poemu's Weapon Emporium.
  3195 | D:5      | Noticed a sky beast
  3213 | D:5      | Killed a sky beast
  3305 | D:5      | Reached skill level 8 in Ranged Weapons
  3323 | D:5      | Reached XP level 7. HP: 40/40 MP: 7/7
  3335 | D:5      | Found Qoanasatt's Magic Scroll Shoppe.
  3348 | D:5      | Found a radiant altar of Vehumet.
  3365 | D:5      | Found Verinu Wewk's Neck Hole.
  3376 | D:5      | Bought a +2 cloak for 198 gold pieces
  3806 | D:5      | Reached skill level 9 in Ranged Weapons
  3841 | D:5      | Found Lizit's Weapon Boutique.
  3865 | D:5      | Found a sacrificial altar of Ru.
  3878 | D:5      | Found Foyshaja's Jewellery Boutique.
  4124 | D:6      | Reached XP level 8. HP: 23/44 MP: 8/8
  4252 | D:6      | Reached skill level 10 in Ranged Weapons
  4320 | D:6      | HP: 2/44 [acid dragon/splash of acid (28)]
  4326 | D:6      | Reached skill level 11 in Ranged Weapons
  4370 | D:5      | HP: 1/44 [ogre/+0 giant club (7)]
  4666 | D:6      | Found a staircase to the Ecumenical Temple.
  4717 | D:6      | Found a shimmering blue altar of Sif Muna.
  5075 | D:7      | Found Jeckison's Assorted Antiques.
  5149 | D:7      | Noticed a two-headed ogre
  5164 | D:7      | Slain by a two-headed ogre

Illustrated notes

Levels and vault maps discovered:
D:1:      lemuel_arrival_behind_the_door_large, layout_loops_cross,
          nicolae_ecumenical_lake_church, serial_shops, shop,
          nicolae_lakefront_shop, nicolae_shop_advertising_works
          [nicolae_subvault_shop_adworks], shop, shop, minmay_misc_feat_tower,
          minmay_gold_behind_fungi
D:2:      layout_loops_corners, serial_rivers, chequers_serial_rivers_marsh,
          chequers_serial_rivers_micro_d, chequers_serial_rivers_micro_c,
          chequers_serial_rivers_micro_a, chequers_serial_rivers_micro_c
D:3:      layout_rooms, mainiacjoe_overflow_divided_tiny,
          hangedman_abyss_or_decor_lesser_grid
D:4:      layout_cave_pools, serial_glass, glass_columns_b, glass_columns_c
D:5:      kennysheep_slugbush, layout_basic,
          mainiacjoe_overflow_six_doors_small, lemuel_round_altar, serial_shops,
          shop_coins, nicolae_shop_bloodbath_and_beyond,
          nicolae_shop_hallway_stairs, shop, nicolae_shop_hallway_stairs,
          chequers_serial_rivers_large_b, serial_bayou_ford_a,
          nicolae_shop_sticking_my_neck_out
D:6:      layout_cave_pools, lemuel_tele_altar,
          minmay_temple_entry_gardened_gates, kennysheep_opposing_triangles
D:7:      layout_loops_ring, serial_shops, nicolae_shop_trees, shop, shop_statue

Skill      XL: |  1  2  3  4  5  6  7  8 |
---------------+-------------------------+-----
Ranged Weapons | 5 6 7 8 9 11 | 11.7
Fighting       | |  2.1
Dodging        | |  1.5
Stealth        | |  1.1

Action                   |  1- 3 |  4- 6 |  7- 9 || total
-------------------------+-------+-------+-------++-------
Melee: Shortbow          |       |     2 |       ||     2
 Fire: Shortbow          |   118 |   183 |   186 ||   487
  Use: Scroll            |     4 |    10 |     4 ||    18
       Potion            |       |       |     5 ||     5
Armor: Leather armour    |    33 |    48 |    70 ||   151
       Acid dragon scale |       |       |     6 ||     6
Dodge: Dodged            |    41 |    53 |    84 ||   178

Table legend: (Time is in decaauts)
 A = Elapsed time spent in this place.
 B = Non-inter-level travel time spent in this place.
 C = Inter-level travel time spent in this place.
 D = Time resting spent in this place.
 E = Time spent auto-exploring this place.
 F = Levels seen in this place.
 G = Mean time per level.
                   A        B        C        D        E       F      G
               +--------+--------+--------+--------+--------+-----+--------+
         Total |   5283 |   5099 |    184 |    682 |   3504 |   7 |  754.7 |
       Dungeon |   5283 |   5099 |    184 |    682 |   3504 |   7 |  754.7 |
               +--------+--------+--------+--------+--------+-----+--------+

Top non-repeatable levels by time:
     D:5: 1521 daAuts
     D:1: 993 daAuts
     D:2: 946 daAuts
     D:6: 791 daAuts
     D:4: 552 daAuts
     D:3: 377 daAuts
     D:7: 100 daAuts
